Map: Eternal Empire LE

Players

TheConqeror - Winner!

  • Race: Terran Terran
  • Spawn Location: 1:00

antagomiR

  • Race: Protoss Protoss
  • League: Gold
  • Spawn Location: 7:00

VOD

Have the link to the VOD?

Description

Time

  • Played on: April 4, 2020, 5:10 p.m.
  • Length: 22:58
Show
View Real Time Build Order
Export as new Build Order

TheConqeror Terran - Winner!

Build Orders:  

Get SALT Encoding   

  12  0:01  SCV  
  13  0:13  SCV  
  14  0:25  SCV  
  14  0:28  Supply Depot  
  15  0:49  SCV  
  16  0:53  Barracks  
  16  1:01  SCV  
  17  1:19  Command Center  
  17  1:21  Refinery  
  17  1:28  Refinery  
  17  1:29  SCV  
  18  1:40  Marine  
  18  1:41  SCV  
  20  1:53  SCV  
  21  1:58  Marine  
  22  2:04  Supply Depot  
  22  2:09  SCV  
  23  2:26  SCV, Marine  
  25  2:34  Barracks  
  25  2:36  SCV  
  26  2:38  SCV  
  27  2:48  SCV  
  27  2:50  SCV  
  27  2:51  Barracks Tech Lab  
  29  3:00  SCV  
  29  3:02  SCV  
  31  3:07  Supply Depot  
  31  3:11  Combat Shield  
  31  3:12  Marine  
  31  3:13  SCV  
  33  3:25  SCV  
  34  3:29  Bunker  
  34  3:30  Marine  
  34  3:31  Marine  
  36  3:37  SCV  
  37  3:48  Marine  
  37  3:49  Marine  
  37  3:54  Supply Depot  
  39  3:59  SCV, Engineering Bay  
  40  4:04  Supply Depot  
  40  4:11  SCV  
  41  4:20  Orbital Command  
  41  4:23  SCV  
  42  4:25  Factory  
  42  4:29  Barracks Tech Lab  
  42  4:35  SCV  
  43  4:42  Barracks  
  43  4:46  Marauder  
  43  4:47  SCV, Marine  
  47  4:56  Missile Turret  
  48  5:00  SCV  
  48  5:05  Marine, Sensor Tower  
  49  5:08  Marauder  
  49  5:10  Supply Depot, Neosteel Armor  
  51  5:16  Missile Turret  
  51  5:17  SCV  
  52  5:22  Marine, Factory Tech Lab  
  53  5:28  Marine  
  54  5:37  Barracks Reactor  
  54  5:40  Marine  
  55  5:45  Missile Turret  
  55  5:47  SCV  
  55  5:49  Sensor Tower  
  56  5:51  Refinery  
  56  5:52  Refinery  
  56  5:54  Siege Tank  
  59  5:59  SCV  
  59  6:00  Supply Depot  
  60  6:11  SCV, Stimpack  
  61  6:23  SCV  
  62  6:28  Starport  
  62  6:31  Factory, Siege Tank  
  65  6:33  SCV  
  65  6:35  SCV  
  65  6:37  Starport  
  67  6:45  SCV  
  68  6:47  SCV  
  68  6:50  Hi-Sec Auto Tracking  
  69  6:55  Supply Depot  
  69  6:59  SCV  
  70  7:03  Siege Tank  
  73  7:11  Engineering Bay  
  73  7:12  SCV  
  74  7:20  Missile Turret  
  74  7:24  SCV  
  75  7:49  Marauder x2  
  75  7:50  Marine x2  
  81  7:54  Terran Infantry Weapons Level 1, Terran Infantry Armor Level 1  
  81  7:57  Factory Tech Lab  
  81  7:59  Medivac x2  
  85  8:08  Marine x2  
  85  8:11  Marauder x2  
  85  8:12  Missile Turret  
  91  8:15  Missile Turret  
  91  8:26  Marine x2  
  93  8:28  Missile Turret  
  93  8:32  Command Center  
  93  8:39  Missile Turret  
  93  8:42  Missile Turret  
  93  8:44  Supply Depot, Marine  
  94  8:49  Marauder x2  
  94  8:54  Armory, Orbital Command  
  98  9:03  Starport Tech Lab x2  
  98  9:09  Missile Turret  
  98  9:10  Marauder  
  100  9:28  Missile Turret  
  100  9:41  Terran Vehicle Weapons Level 1  
  100  9:48  SCV  
  101  9:53  Refinery  
  101  9:54  Refinery  
  101  9:56  Terran Infantry Weapons Level 2  
  101  9:57  Terran Infantry Armor Level 2  
  101  10:01  SCV, Thor x2  
  101  10:06  Raven x2  
  118  10:12  Supply Depot  
  118  10:13  SCV  
  119  10:18  Factory  
  119  10:25  SCV  
  120  10:31  Missile Turret  
  120  10:34  Marine x3  
  120  10:35  Marine  
  124  10:37  SCV  
  125  10:49  SCV, Medivac  
  128  10:52  Marine x2  
  128  10:53  Marauder x2  
  134  11:01  SCV  
  135  11:10  Marine x2, Factory Tech Lab  
  137  11:14  Medivac, Marine  
  140  11:22  Medivac  
  140  11:23  Marauder  
  140  11:24  Supply Depot  
  144  11:29  Missile Turret  
  144  11:33  SCV  
  145  11:45  SCV  
  146  11:51  Cloaking Field  
  146  11:55  Corvid Reactor  
  146  11:57  SCV  
  147  12:02  Starport  
  147  12:04  Starport  
  147  12:09  SCV  
  147  12:13  Terran Infantry Weapons Level 3  
  147  12:14  Terran Infantry Armor Level 3  
  148  12:19  Supply Depot  
  148  12:21  SCV  
  148  12:22  Thor  
  155  12:23  Thor  
  155  12:27  Terran Vehicle Weapons Level 2  
  161  12:33  SCV, Supply Depot  
  123  13:07  Marine  
  123  13:09  Marine x3  
  86  13:24  Marine  
  86  13:26  Marine  
  86  13:27  Marine x2  
  84  13:30  Thor x3  
  84  13:32  Banshee x2  
  106  13:35  Medivac  
  108  13:42  Marine  
  108  13:44  Command Center, Marine x2  
  108  13:45  Marine  
  112  14:00  Marine  
  112  14:02  Marine x3  
  116  14:15  Banshee x2  
  122  14:18  Marine  
  122  14:20  Marine x3  
  126  14:36  Marine  
  126  14:37  Starport Tech Lab  
  126  14:38  Starport Tech Lab, Marine  
  128  14:58  Raven x2  
  132  15:13  Raven  
  134  15:17  Banshee  
  134  15:20  Marauder x2  
  141  15:22  Marine x2  
  141  15:25  Thor  
  149  15:29  Sensor Tower  
  149  15:38  SCV  
  149  15:39  Marine  
  149  15:42  Marauder x2  
  155  15:47  SCV  
  156  15:52  Terran Vehicle Weapons Level 3  
  157  15:59  SCV  
  157  16:01  SCV  
  148  16:11  SCV  
  123  16:23  SCV  
  106  16:41  Command Center  
  106  16:42  Marine  
  106  16:43  Marine x3  
  110  16:49  Thor  
  116  17:00  Marine x2  
  116  17:01  Marine x2  
  120  17:18  Marine x4  
  124  17:36  Marine x4  
  119  17:54  Marine x2  
  121  18:03  SCV  
  116  18:14  Marine x4  
  116  18:15  SCV  
  116  18:18  Thor x3  
  139  18:21  Banshee x3  
  139  18:25  Liberator  
  151  18:28  SCV  
  151  18:32  Marine x4  
  151  18:33  Refinery  
  156  18:37  Refinery  
  156  18:40  SCV  
  155  18:50  Marine x4  
  155  18:52  SCV  
  154  19:08  Raven x3, Marine x4  
  164  19:10  Hyperflight Rotors  
  163  20:13  Terran Vehicle And Ship Armor Level 1  
  163  20:16  Liberator x3  
  163  20:17  Medivac  
  163  20:19  Thor x2  
  186  20:24  SCV  
  187  20:36  SCV, Marine  
  187  20:37  Marine x3  
  192  20:47  Medivac  
  192  20:49  SCV  
  195  20:52  Orbital Command  
  195  20:54  Marine  
  196  21:24  Supply Depot  
  196  21:28  Factory  
  196  21:40  Refinery  
  196  21:46  SCV, Marine x3  
  200  21:47  Refinery  
  200  22:16  Fusion Core  
  195  22:39  Marine  
Show
View Real Time Build Order
Export as new Build Order

antagomiR Protoss 

Build Orders:  

Get SALT Encoding   

  12  0:01  Probe  
  13  0:13  Probe  
  14  0:18  Pylon  
  14  0:25  Probe  
  15  0:39  Probe  
  15  0:40  Gateway  
  16  0:51  Probe  
  17  1:00  Assimilator  
  17  1:04  Probe  
  18  1:13  Assimilator  
  18  1:16  Probe  
  19  1:28  Probe  
  20  1:33  Cybernetics Core  
  20  1:39  Pylon  
  20  1:41  Probe  
  21  1:52  Nexus  
  21  2:01  Probe  
  22  2:07  Pylon  
  22  2:13  Probe  
  23  2:17  Adept  
  25  2:25  Probe  
  26  2:35  Robotics Facility  
  26  2:37  Probe  
  26  2:43  Shield Battery  
  27  2:49  Probe  
  28  3:01  Probe  
  29  3:09  Probe  
  30  3:13  Probe  
  30  3:19  Gateway x2  
  31  3:21  Probe  
  31  3:25  Probe  
  33  3:33  Probe  
  34  3:37  Probe  
  35  3:45  Probe  
  34  3:49  Probe  
  34  3:52  Twilight Council, Observer  
  36  3:58  Warp Gate (Chrono Boost)  
  36  4:01  Stalker (Chrono Boost)  
  40  4:13  Observer  
  40  4:14  Stalker (Chrono Boost)  
  40  4:15  Probe x2  
  40  4:16  Sentry (Chrono Boost)  
  45  4:27  Probe x2  
  45  4:29  Pylon  
  47  4:37  Observer  
  48  4:39  Probe x2  
  48  4:43  Assimilator  
  50  4:47  Assimilator  
  50  4:51  Probe x2  
  52  4:58  Immortal  
  56  5:03  Probe  
  56  5:04  Probe  
  58  5:16  Probe  
  58  5:20  Pylon  
  59  5:26  Shield Battery  
  59  5:27  Probe  
  59  5:28  Probe  
  61  5:36  Forge  
  61  5:39  Immortal, Sentry x2  
  69  6:08  Probe  
  70  6:12  Protoss Ground Weapons Level 1 (Chrono Boost)  
  70  6:15  Pylon  
  70  6:18  Charge  
  70  6:20  Pylon  
  70  6:33  Probe x2  
  70  6:34  Immortal  
  76  6:40  Pylon  
  76  6:42  Photon Cannon  
  76  6:43  Pylon  
  76  6:46  Probe x2  
  78  6:55  Phoenix  
  78  6:58  Probe x2  
  80  7:02  Nexus  
  80  7:03  Pylon  
  80  7:04  Gateway  
  80  7:06  Pylon, Gateway  
  80  7:07  Gateway  
  80  7:10  Probe x2  
  80  7:13  Immortal, Stalker  
  88  7:16  Stalker x2  
  88  7:22  Probe x2  
  94  7:34  Probe x2  
  96  7:46  Probe x2  
  98  7:52  Immortal  
  102  7:58  Probe  
  103  8:06  Stalker  
  105  8:13  Probe x2  
  105  8:16  Observer  
  105  8:19  Shield Battery  
  107  8:21  Photon Cannon  
  107  8:23  Photon Cannon  
  107  8:25  Probe, Photon Cannon  
  108  8:27  Assimilator  
  108  8:28  Probe x2  
  108  8:31  Warp Prism  
  108  8:32  Assimilator  
  112  8:37  Probe  
  112  8:40  Probe x2  
  115  9:00  Templar Archives  
  115  9:07  Immortal  
  119  9:12  Protoss Ground Weapons Level 2 (Chrono Boost), Stargate  
  119  9:13  Stargate  
  119  9:30  Zealot x2  
  119  9:31  Zealot x3  
  127  9:32  Zealot  
  127  9:37  Probe x2  
  133  9:54  Pylon  
  133  10:00  Pylon  
  133  10:04  Pylon  
  133  10:12  Probe x3, Immortal  
  140  10:23  Pylon, High Templar  
  140  10:24  Probe x3, High Templar x2  
  140  10:25  High Templar  
  140  10:26  High Templar x2  
  140  10:28  Pylon, Archon x2  
  155  10:36  Probe  
  155  10:41  Archon  
  156  10:54  Gateway  
  155  10:58  Gateway x2  
  155  11:10  High Templar  
  155  11:11  High Templar x3  
  161  11:12  High Templar x2  
  161  11:15  Archon x2  
  161  11:16  Archon  
  167  11:37  Warp Prism  
  165  12:04  High Templar x2  
  165  12:05  High Templar x2  
  173  12:14  Nexus  
  173  12:17  Pylon  
  173  12:20  Pylon  
  173  12:23  Pylon  
  173  12:26  Pylon  
  173  12:28  Pylon  
  173  12:31  Pylon  
  173  12:33  Pylon  
  173  12:35  Probe x3, Immortal, Pylon  
  173  12:37  Pylon, Assimilator  
  180  12:42  Assimilator  
  180  12:45  Shield Battery  
  180  12:46  Photon Cannon  
  180  12:47  Probe x2  
  180  12:48  Photon Cannon  
  182  12:51  Photon Cannon  
  166  12:59  Archon  
  166  13:00  Archon  
  121  13:27  Zealot  
  121  13:28  Zealot x3  
  121  13:29  Zealot x4  
  137  13:41  Probe x3  
  137  13:42  Probe  
  141  13:53  Probe x2  
  143  14:04  Stargate  
  143  14:05  Stargate  
  143  14:15  High Templar x3  
  143  14:16  High Templar x3  
  155  14:17  High Templar x3  
  155  14:19  Archon  
  155  14:20  Archon x2  
  155  14:21  Archon  
  161  15:04  Zealot x2  
  161  15:05  Zealot x5  
  175  15:27  High Templar x4  
  175  15:28  High Templar x4  
  187  15:29  High Templar  
  187  15:31  Archon  
  187  15:32  Archon x3  
  193  15:41  Forge  
  193  15:48  Fleet Beacon  
  193  15:52  Probe x2  
  193  15:53  Probe x2  
  197  16:04  Probe x2  
  127  16:24  Archon  
  101  16:34  Void Ray x4 (Chrono Boost)  
  117  16:44  Stalker x3  
  117  16:46  Stalker  
  125  16:47  Stalker  
  125  16:48  Stalker x2  
  130  17:03  Stalker x2  
  134  17:13  Void Ray x2 (Chrono Boost)  
  134  17:14  Void Ray x2 (Chrono Boost)  
  134  17:20  Zealot  
  134  17:21  Zealot x5  
  134  17:22  Zealot  
  140  17:40  Zealot x2  
  140  17:41  Zealot x4  
  140  17:42  Zealot  
  130  17:49  Void Ray x2 (Chrono Boost)  
  130  17:50  Void Ray x2 (Chrono Boost)  
  96  18:07  Zealot x5  
  96  18:08  Zealot x3  
  107  18:16  Probe x3  
  103  18:29  Void Ray x4 (Chrono Boost)  
  113  18:34  Zealot x2  
  113  18:35  Zealot x3  
  113  18:36  Zealot x2  
  113  18:37  Zealot x2  
  79  18:59  Zealot  
  79  19:00  Zealot x5  
  79  19:01  Zealot x2  
  95  19:04  Void Ray (Chrono Boost)  
  110  19:11  Void Ray (Chrono Boost)  
  110  19:12  Void Ray x2 (Chrono Boost)  
  108  19:38  Void Ray (Chrono Boost)  
  101  19:47  Void Ray x2  
  101  19:48  Void Ray  
  33  20:25  Phoenix (Chrono Boost)  
  33  20:28  Carrier (Chrono Boost)  
  45  20:37  Void Ray (Chrono Boost)  
  45  20:38  Phoenix (Chrono Boost)  
  45  20:45  Zealot x4  
  45  20:46  Zealot x3  
  45  20:47  Zealot x2  
  45  20:48  Void Ray (Chrono Boost)  
  67  20:55  Void Ray  
  71  21:07  Zealot  
  71  21:08  Zealot x4  
Tags
 
League
Gold
Matchup
PvT
Replay Pack
20200422
Spawn Locations
Cross Positions
Add a new tag
Caveats
  • Supply blocks, unpowered buildings, or Contaminate may cause inaccurate times.
  • Supply counts are checked every 10 seconds.